 Dungeon Crawl Stone Soup version 0.28-a0-1212-gc6b4282bc0 (webtiles) character file.

Game seed: 7324035459393876753

1150 BinkBink the Thaumaturge (level 8, -1/50 HPs)
             Began as a Djinni Conjurer on Dec 21, 2021.
             Was a Priest of Okawaru.
             Slain by a bullfrog (3 damage)
             ... on level 6 of the Dungeon.
             The game lasted 00:14:25 (6938 turns).

BinkBink the Thaumaturge (Djinni Conjurer)          Turns: 6938, Time: 00:14:25

Health: -1/50      AC:  6    Str: 12    XL:     8   Next: 65%
Gold:   218        EV: 12    Int: 23    God:    Okawaru [***...] SH:  0 Dex: 11

rFire   + + .      SeeInvis .   (no weapon)
rCold   x . .      Faith    .   (no shield)
rNeg    + . .      Spirit   .   s - +2 robe {rN+}
rPois   ∞          Reflect  .   m - +0 helmet
rElec   .          Harm     .   q - +0 cloak
rCorr   +          Rampage  .   (no gloves)
Will    .....                   (boots unavailable)
Stlth   ++........              (no amulet)
HPRegen 0.16/turn               f - ring of resist corrosion
MPRegen 0.00/turn               j - +6 ring of strength

@: flying
A: sickness immunity, fire resistance 2, cold vulnerability 1, float, innate
caster, hp casting, extra vitality 1
a: Renounce Religion, Heroism


You were on level 6 of the Dungeon.
You worshipped Okawaru.
Okawaru was most pleased with you.
You visited 1 branch of the dungeon, and saw 6 of its levels.

You collected 218 gold pieces.

Inventory:

Armour
 m - a +0 helmet (worn)
 q - a +0 cloak (worn)
 s - a +2 robe of positive energy (worn)
Jewellery
 f - a ring of resist corrosion (left hand)
 j - a +6 ring of strength (right hand)
Wands
 u - a wand of acid (5)
Scrolls
 a - a scroll of amnesia {unknown}
 b - 4 scrolls of identify
 e - 4 scrolls of enchant armour
 h - a scroll of summoning {unknown}
 k - a scroll of immolation
 o - a scroll of enchant weapon {unknown}
 r - a scroll of torment {unknown}
 t - a scroll of fear {unknown}
Potions
 c - a potion of resistance
 d - a potion of attraction {unknown}
 g - a potion of flight {unknown}
 i - a potion of curing {unknown}
 l - a potion of heal wounds {unknown}
 n - 2 potions of invisibility {unknown}
 p - a potion of haste {unknown}
 v - a potion of magic {unknown}


   Skills:
 - Level 2.1 Dodging
 - Level 1.5 Stealth
 + Level 8.2 Spellcasting


You had 4 spell levels left.
You knew the following spells:

 Your Spells              Type           Power      Damage    Failure   Level
a - Magic Dart            Conj           100%       1d8       1%          1
b - Searing Ray           Conj           94%        2d7       1%          2
c - Dazzling Flash        Conj/Hex       94%        N/A       1%          3
d - Fulminant Prism       Conj/Hex       23%        3d13      2%          4
e - Iskenderun's Mystic   Conj/Tloc      47%        2d10      2%          4
f - Shock                 Conj/Air       100%       1d9       1%          1
g - Scorch                Fire           94%        2d10      1%          2
h - Static Discharge      Conj/Air       47%        N/A       1%          2
Your spell library was empty.

Dungeon Overview and Level Annotations

Branches:
Dungeon (6/15)             Temple (0/1) D:4

Altars:
Elyvilon
Gozag
Hepliaklqana
Okawaru
Ru


Innate Abilities, Weirdness & Mutations

You are immune to sickness and miasma.
You are immune to poison.
Your flesh is very heat resistant. (rF++)
You are vulnerable to cold. (rC-)
You float through the air rather than walking.
You learn spells naturally, not from books.
Your magical power is your life essence.
You have superior vitality. (+4 MHP)


Message History

The hound barks!
You fly downwards.
You start to feel less resistant.
There is a stone staircase leading up here.
Your resistance to elements expires.
A bullfrog is nearby!
You are too injured to fight recklessly!
Casting: Searing Ray (safe; 1% risk of failure)
Confirm with . or Enter, or press ? or * to list all spells.
Aiming: Magic Dart (safe; 1% risk of failure)
Press: ? - help, Shift-Dir - straight line, f - bullfrog
Aim: a bullfrog (wandering, hasn't noticed you, 100% to hit)
The magic dart hits the bullfrog.
The bullfrog is lightly wounded.
The bullfrog croaks.
* * * LOW HITPOINT WARNING * * *
Casting: Magic Dart (safe; 1% risk of failure)
Confirm with . or Enter, or press ? or * to list all spells.
Aiming: Searing Ray (safe; 1% risk of failure)
Press: ? - help, Shift-Dir - straight line, f/p - bullfrog
Aim: a bullfrog (77% to hit)
The searing ray misses the bullfrog. (Press . to maintain the ray.)
* * * LOW HITPOINT WARNING * * *
The bullfrog closely misses you.
The searing ray hits the bullfrog.
The bullfrog is lightly wounded.
* * * LOW HITPOINT WARNING * * *
The bullfrog hits you.
* * * LOW HITPOINT WARNING * * *
The searing ray misses the bullfrog.
* * * LOW HITPOINT WARNING * * *
The bullfrog closely misses you. The bullfrog hits you.
* * * LOW HITPOINT WARNING * * *
The searing ray misses the bullfrog.
* * * LOW HITPOINT WARNING * * *
You finish channelling your searing ray.
The bullfrog completely misses you. The bullfrog hits you.
You die...

..... .. #..........#...#.
###.#.#
#.##.##.......<........
..#.#.#
#.#.#.................
#.#.#.#
#...#.........#######
#.#.#.## ##.##.........#
.......# #..........)..#
.......######.......#.#####
...........##....F....#
................@.....#
.......#######.......##
.......# #.>....## .......#
#.....## ###....># ###..##
####.##.# #..# .....# .#
#... ####.# # #.### #.#


You could see a bullfrog.

Vanquished Creatures
  Sigmund (D:5)
  An orc warrior (D:5)
  An ogre (D:4)
  3 phantoms
  A bullfrog (D:5)
  A scorpion (D:6)
  3 hounds
  2 jellies
  An orc priest (D:5)
  A bullfrog skeleton (D:5)
  An iguana (D:4)
  A hound skeleton (D:4)
  11 adders
  A white imp (D:6)
  An ufetubus (D:4)
  An adder skeleton (D:4)
  5 worms
  4 dart slugs
  9 orcs
  10 ball pythons
  7 endoplasms
  6 giant cockroaches
  5 goblins
  5 hobgoblins
  2 jackals (D:1)
  9 kobolds
  3 quokkas
  6 bats
  4 frilled lizards
  4 rats
  2 fulminant prisms (D:5)
112 creatures vanquished.

Vanquished Creatures (others)
  7 fulminant prisms (D:5)
  A plant (D:1)
8 creatures vanquished.

Grand Total: 120 creatures vanquished

Notes
Turn   | Place    | Note
-------+----------+-------------------------------------------
     0 | D:1      | BinkBink the Djinni Conjurer began the quest for the Orb.
     0 | D:1      | Reached XP level 1. HP: 15/15 MP: 0/0
   226 | D:1      | Reached XP level 2. HP: 18/21 MP: 0/0
   592 | D:1      | Reached XP level 3. HP: 20/25 MP: 0/0
   592 | D:1      | Learned a level 1 spell: Shock
   943 | D:1      | Reached skill level 4 in Spellcasting
  1079 | D:1      | Found a faded altar of an unknown god.
  1098 | D:1      | Prayed at the altar of an unknown god.
  1098 | D:1      | Became a worshipper of Warmaster Okawaru
  1098 | D:1      | Reached * piety under Okawaru
  1790 | D:2      | Found a sacrificial altar of Ru.
  1799 | D:2      | Reached XP level 4. HP: 17/31 MP: 0/0
  2928 | D:3      | Reached XP level 5. HP: 34/35 MP: 0/0
  2928 | D:3      | Learned a level 2 spell: Scorch
  3269 | D:3      | Reached skill level 5 in Spellcasting
  3387 | D:3      | Found a hazy altar of Hepliaklqana.
  3742 | D:4      | Noticed an ogre
  3753 | D:4      | Killed an ogre
  3753 | D:4      | Reached ** piety under Okawaru
  3754 | D:4      | Reached XP level 6. HP: 34/40 MP: 0/0
  3987 | D:5      | Entered Level 5 of the Dungeon
  4284 | D:5      | Reached skill level 6 in Spellcasting
  4284 | D:5      | Reached XP level 7. HP: 32/45 MP: 0/0
  4284 | D:5      | Learned a level 2 spell: Static Discharge
  4854 | D:5      | Noticed Sigmund
  4867 | D:5      | Killed Sigmund
  5073 | D:5      | Reached skill level 7 in Spellcasting
  5267 | D:5      | Noticed a hornet
  5482 | D:4      | Found a staircase to the Ecumenical Temple.
  5558 | D:4      | Reached XP level 8. HP: 46/50 MP: 0/0
  6333 | D:5      | Reached *** piety under Okawaru
  6408 | D:5      | Found an opulent altar of Gozag.
  6409 | D:5      | Found a white marble altar of Elyvilon.
  6712 | D:6      | Reached skill level 8 in Spellcasting
  6938 | D:6      | Slain by a bullfrog

Illustrated notes

Levels and vault maps discovered:
D:1:      scummos_arrival_star, layout_basic,
          dilly_ecumenical_altar_fadedgnrine, serial_forest,
          infiniplex_forest_split, infiniplex_forest_lined_2,
          infiniplex_forest_clump_tiny, infiniplex_forest_end_3,
          infiniplex_forest_lined_3, infiniplex_forest_lined_2,
          infiniplex_forest_zigzag_2
D:2:      minmay_chambers_of_twos, layout_basic, basic_altar,
          chequers_serial_rivers_room_b
D:3:      layout_rooms, nicolae_hepliaklqana_hazy_memory
D:4:      layout_gridville, temple_pool_b
D:5:      layout_gridville, mainiacjoe_overflow_big_doors, uniq_sigmund
D:6:      layout_loops_ring, minmay_between

Skill      XL: |  1  2  3  4  5  6  7  8 |
---------------+-------------------------+-----
Spellcasting   | 4 5 6 7 8 |  8.2
Dodging        | |  2.1
Stealth        | |  1.5

Action                   |  1- 3 |  4- 6 |  7- 9 || total
-------------------------+-------+-------+-------++-------
Melee: Unarmed           |   103 |       |       ||   103
 Cast: Magic Dart        |    70 |   123 |    77 ||   270
       Searing Ray       |       |     3 |    10 ||    13
       Fulminant Prism   |       |       |     9 ||     9
       Dazzling Flash    |       |       |     4 ||     4
  Use: Scroll            |       |     2 |     5 ||     7
       Potion            |       |       |     1 ||     1
Armor: Robe              |     1 |     2 |     7 ||    10
Dodge: Dodged            |     9 |    11 |    18 ||    38

Table legend: (Time is in decaauts)
 A = Elapsed time spent in this place.
 B = Non-inter-level travel time spent in this place.
 C = Inter-level travel time spent in this place.
 D = Time resting spent in this place.
 E = Time spent auto-exploring this place.
 F = Levels seen in this place.
 G = Mean time per level.
                   A        B        C        D        E       F      G
               +--------+--------+--------+--------+--------+-----+--------+
         Total |   6937 |   6875 |     62 |      0 |   5955 |   6 | 1156.2 |
       Dungeon |   6937 |   6875 |     62 |      0 |   5955 |   6 | 1156.2 |
               +--------+--------+--------+--------+--------+-----+--------+

Top non-repeatable levels by time:
     D:5: 1750 daAuts
     D:1: 1733 daAuts
     D:4: 1326 daAuts
     D:2: 1185 daAuts
     D:3: 675 daAuts
     D:6: 266 daAuts
